[Event "Turkish Club Cup 2019"]
[Site "Konya"]
[Date "2019.07.17"]
[Round "2"]
[White "Gundogan, Sinem Cagla"]
[Black "Hanci, Ilker"]
[Result "0-1"]
[ECO "C55"]
[WhiteElo "1806"]
[BlackElo "1577"]
[Annotator "NA"]
[PlyCount "150"]
[EventDate "2019.07.16"]
[EventType "team-tourn"]
[EventCountry "TUR"]
[SourceTitle "playchess.com"]
[Source "ChessBase"]
[SourceQuality "1"]
[TimeControl "5400+30"]

1. e4 Nc6 2. Nf3 e5 3. Bc4 Nf6 4. d3 Be7 5. O-O O-O 6. Re1 d6 7. a4 Na5 8. Ba2 c5 9. c3 Qc7 10. Na3 Bg4 11. h3 Bh5 12. Nc4 Nc6 13. Ne3 Rfe8 14. g4 Bg6 15. Nh4 Bf8 16. Qf3 Kh8 17. Nhf5 Nd8 18. h4 Ne6 19. h5 Bxf5 20. Nxf5 Qd8 21. g5 Ng8 22. Qg3 Rb8 23. Kg2 b5 24. axb5 Rxb5 25. Bd5 Qc7 26. Rh1 Ne7 27. Nxe7 Rxe7 28. g6 h6 29. gxf7 Nf4+ 30. Bxf4 exf4 31. Qxf4 Rxb2 32. Ra6 Re5 33. Ra2 Rg5+ 34. Kf3 Rxa2 35. Bxa2 Qa5 36. Qd2 Qd8 37. Bd5 Qf6+ 38. Ke2 Rg2 39. Kf1 Qf3 40. Rh4 Rg5 41. Rf4 Qxh5 42. Qe3 Qh1+ 43. Ke2 Qa1 44. Qd2 Rg1 45. Rf3 Rb1 46. Rg3 Rb2 47. Rg6 Rxd2+ 48. Kxd2 Qb2+ 49. Ke3 Qxc3 50. Re6 Qc1+ 51. Ke2 Qc2+ 52. Ke3 Qc1+ 53. Ke2 Qb2+ 54. Ke3 Qd4+ 55. Ke2 Qb2+ 56. Ke3 g5 57. Rg6 Bg7 58. f8=Q+ Bxf8 59. Rg8+ Kh7 60. Rxf8 Qd4+ 61. Ke2 a5 62. Rd8 Qe5 63. Ra8 Qb2+ 64. Ke3 Qc1+ 65. Ke2 a4 66. Bc4 Qb2+ 67. Kf3 a3 68. Ra7+ Kg6 69. Ra6 Qf6+ 70. Kg2 Qf4 71. Rxa3 Kh5 72. Be6 g4 73. Bf5 Qf3+ 74. Kg1 Kh4 75. Kf1 g3 0-1

[Event "Turkish Club Cup 2019"]
[Site "Konya"]
[Date "2019.07.17"]
[Round "2"]
[White "Temel, Burcu Melis"]
[Black "Kilic, Gulseren"]
[Result "1-0"]
[ECO "A05"]
[WhiteElo "1790"]
[BlackElo "1422"]
[Annotator "NA"]
[PlyCount "53"]
[EventDate "2019.07.16"]
[EventType "team-tourn"]
[EventCountry "TUR"]
[SourceTitle "playchess.com"]
[Source "ChessBase"]
[SourceQuality "1"]
[TimeControl "5400+30"]

1. e4 c5 2. Nf3 g6 3. d3 Bg7 4. g3 Nc6 5. Bg2 Nf6 6. O-O O-O 7. Re1 Re8 8. e5 Ng4 9. Bf4 f6 10. exf6 Nxf6 11. Nc3 a6 12. Qd2 d5 13. Na4 Nd7 14. Ng5 Nf8 15. Nc3 e6 16. Nxd5 exd5 17. Rxe8 Qxe8 18. Bxd5+ Be6 19. Nxe6 Nxe6 20. Re1 Ncd8 21. Qe2 Kf7 22. Bc7 Qd7 23. Qf3+ Ke8 24. Bxd8 Kxd8 25. Rxe6 Rc8 26. Qf4 Bh6 27. Qf6+ 1-0

[Event "Turkish Club Cup 2019"]
[Site "Konya"]
[Date "2019.07.17"]
[Round "2"]
[White "Dogan, Osman Fatih"]
[Black "Kul, Ozdemir Efe"]
[Result "1/2-1/2"]
[ECO "B23"]
[WhiteElo "1787"]
[BlackElo "1974"]
[Annotator "NA"]
[PlyCount "102"]
[EventDate "2019.07.16"]
[EventType "team-tourn"]
[EventCountry "TUR"]
[SourceTitle "playchess.com"]
[Source "ChessBase"]
[SourceQuality "1"]
[TimeControl "5400+30"]

1. e4 c5 2. Nc3 Nc6 3. Bb5 e5 4. d3 (4. Nge2 Bd6 5. a3 Nge7 6. Bc4 a6 7. O-O b5 8. Ba2 O-O 9. d3 Nd4 10. f4 Nxe2+ 11. Qxe2 exf4 {1-0 (39) Asis Gargatagli,H (2529)-Fluvia Poyatos,J (2493) Barcelona 2018}) 4... Nge7 5. f4 d6 6. Nf3 {[%emt 0:08:30] B23: Closed Sicilian: Lines without g3} a6 7. Bxc6+ $146 ({Predecessor:} 7. Ba4 b5 8. Bb3 Qb6 9. Bd2 Ng6 10. Nd5 Qa7 11. c3 Be7 {1-0 (53) Marney,J (1620)-Cook,J (1656) Wellington 2012}) 7... Nxc6 8. O-O h6 9. Nd5 exf4 10. Bxf4 g5 11. Bg3 Bg7 12. Nd2 b5 13. a4 Rb8 14. axb5 axb5 15. c4 O-O 16. cxb5 Ne5 17. Qb3 Bd7 18. Nc3 Nxd3 19. Qd5 Nxb2 20. Qb3 Nd3 21. Ra6 Be6 $11 (21... c4 $5 22. Qxc4 Rc8 23. Qxd3 Rxc3 $15) 22. Nd5 Ne5 23. Nc4 Bxd5 24. exd5 Nxc4 25. Qxc4 Rb6 26. Re1 Qc7 27. h3 Rfb8 28. Qa4 Qd7 29. Kh1 Bf8 30. Rxb6 Rxb6 31. Qa8 Qb7 32. Qd8 Qb8 33. Qd7 Rb7 34. Qc6 Rb6 35. Re8 Qa7 36. Bxd6 Rxc6 37. dxc6 Qa1+ 38. Kh2 Qf6 39. Bg3 h5 40. c7 Kh7 41. c8=Q h4 42. Be5 Bd6 43. Rh8+ Kg6 44. Rg8+ Kh7 45. Rh8+ Kg6 46. Qg8+ Kf5 47. Bxd6 Qxd6+ 48. Kg1 Qd1+ 49. Kh2 Qd6+ 50. Kg1 Qd1+ 51. Kf2 Qd2+ 1/2-1/2

[Event "Turkish Club Cup 2019"]
[Site "Konya"]
[Date "2019.07.17"]
[Round "2"]
[White "Erdogan, Tekin Alp"]
[Black "Metin, Enis"]
[Result "0-1"]
[ECO "B52"]
[WhiteElo "1777"]
[BlackElo "1538"]
[Annotator "NA"]
[PlyCount "140"]
[EventDate "2019.07.16"]
[EventType "team-tourn"]
[EventCountry "TUR"]
[SourceTitle "playchess.com"]
[Source "ChessBase"]
[SourceQuality "1"]
[TimeControl "5400+30"]

1. e4 c5 2. Nf3 d6 3. Bb5+ Bd7 4. Bxd7+ Qxd7 5. c4 Nc6 6. O-O Nf6 7. Nc3 g6 8. d4 cxd4 9. Nxd4 Bg7 10. Nc2 O-O 11. f3 Rfc8 12. Ne3 a6 13. Bd2 Ne5 14. Qe2 e6 15. Rfd1 Qc6 16. b3 Qe8 17. Be1 Qe7 18. Rac1 Nh5 19. g3 Qg5 20. Ng2 Nc6 21. Bf2 Qa5 22. Na4 b5 23. Nb6 Nd4 24. Rxd4 Qxb6 25. Rd2 Qc7 26. Rdc2 b4 27. Rd2 Bc3 28. Rd3 Nf6 29. Rcd1 Rd8 30. Be3 a5 31. Qf2 Ra6 32. Bf4 Nh5 33. Bg5 Rc8 34. Nf4 Nxf4 35. Bxf4 e5 36. Be3 a4 37. Kh1 axb3 38. axb3 Rca8 39. Bc1 Ra2 40. Qg1 Rc2 41. Be3 Raa2 42. g4 Qe7 43. Qg3 Rxh2+ 44. Qxh2 Rxh2+ 45. Kxh2 Qh4+ 46. Kg2 Be1 47. Bg1 Qg3+ 48. Kf1 Bc3 49. Bf2 Qh3+ 50. Ke2 Qh2 51. Rxd6 Bd4 52. Rf1 Qg2 53. Rd5 g5 54. Rd8+ Kg7 55. Rxd4 exd4 56. Rd1 h5 57. Rg1 Qh2 58. gxh5 d3+ 59. Ke3 Qf4+ 60. Kxd3 Qxf3+ 61. Be3 f6 62. c5 Qxh5 63. c6 Qf7 64. Rc1 Qc7 65. Bb6 Qxb6 66. c7 Qd6+ 67. Ke2 Qa6+ 68. Kf3 Qd3+ 69. Kg4 Qxe4+ 70. Kg3 Qe3+ 0-1

[Event "Turkish Club Cup 2019"]
[Site "Konya"]
[Date "2019.07.17"]
[Round "2"]
[White "Celik, Musa"]
[Black "Banci, Dogancan"]
[Result "0-1"]
[ECO "B51"]
[WhiteElo "1773"]
[BlackElo "1643"]
[Annotator "NA"]
[PlyCount "106"]
[EventDate "2019.07.16"]
[EventType "team-tourn"]
[EventCountry "TUR"]
[SourceTitle "playchess.com"]
[Source "ChessBase"]
[SourceQuality "1"]
[TimeControl "5400+30"]

1. e4 c5 2. Nf3 d6 3. Bb5+ Nd7 4. d4 cxd4 5. Qxd4 a6 6. Bxd7+ Bxd7 7. Bg5 Bc6 8. Nc3 e5 9. Qd3 Be7 10. h4 h6 11. Bxe7 Qxe7 12. O-O-O O-O-O 13. Nd2 b5 14. Nb3 Qc7 15. Rh3 Nf6 16. Nd5 Nxd5 17. exd5 Bd7 18. Rg3 g6 19. Qd2 Qb6 20. Na5 Kb8 21. Qb4 Rc8 22. Rdd3 Qc5 23. Qd2 b4 24. Rb3 Qxa5 25. Rxb4+ Bb5 26. Rxb5+ Qxb5 27. Rb3 Qxb3 28. axb3 Rc5 29. f4 Re8 30. fxe5 Rxe5 31. Qxh6 Rcxd5 32. Qf8+ Kc7 33. Qxf7+ Kc6 34. Qf1 Ra5 35. Qc4+ Kb6 36. c3 Ra1+ 37. Kc2 Rae1 38. b4 R1e2+ 39. Kb3 Rxg2 40. Qc8 Ree2 41. Qd8+ Kc6 42. Qa8+ Kb6 43. Qb8+ Kc6 44. Qa8+ Kb6 45. Qd8+ Kc6 46. Kc4 Rxb2 47. Qc8+ Kb6 48. Qb8+ Kc6 49. Qa8+ Kb6 50. Qd8+ Kc6 51. Qe8+ Kb6 52. Kd5 Rgd2+ 53. Kc4 d5# 0-1

[Event "Turkish Club Cup 2019"]
[Site "Konya"]
[Date "2019.07.17"]
[Round "2"]
[White "Demir, Ugur"]
[Black "Taskaya, Muhammed"]
[Result "1-0"]
[ECO "C00"]
[WhiteElo "1763"]
[BlackElo "2011"]
[Annotator "NA"]
[PlyCount "92"]
[EventDate "2019.07.16"]
[EventType "team-tourn"]
[EventCountry "TUR"]
[SourceTitle "playchess.com"]
[Source "ChessBase"]
[SourceQuality "1"]
[TimeControl "5400+30"]

1. e4 e6 2. Qe2 c5 3. Nf3 Nc6 4. g3 Nf6 5. Bg2 Be7 6. e5 Nd5 7. c4 Ndb4 8. d3 d6 9. a3 Na6 10. exd6 Bxd6 11. Nc3 Nc7 12. Ne4 Be7 13. Be3 b6 (13... Na6 $14) 14. Rd1 e5 15. Nxe5 Nxe5 16. d4 Nd7 $16 17. dxc5 bxc5 18. Nxc5 O-O 19. Bxa8 Nxa8 20. Nxd7 Bxd7 21. Qd2 Be6 22. Qxd8 Bxd8 23. Bxa7 Bxc4 24. Bd4 Nb6 25. Kd2 Nd5 26. b4 Be7 27. Kc2 Ra8 28. Kb2 f5 29. Rc1 Bd3 30. Rhd1 Be4 31. Be5 Kf7 32. Rd4 g5 33. f4 Ra6 34. Kb3 Rh6 35. Re1 Nf6 36. fxg5 Ng4 37. gxh6 Nxe5 38. Rexe4 fxe4 39. Rxe4 Ke6 40. a4 Kd5 41. Re2 Bg5 42. a5 Nc6 43. Ka4 Bxh6 44. b5 Nd4 45. Re7 Bd2 46. Rxh7 Ke4 1-0

[Event "Turkish Club Cup 2019"]
[Site "Konya"]
[Date "2019.07.17"]
[Round "2"]
[White "Toren, Kadir"]
[Black "Ersahince, Umut Utku"]
[Result "0-1"]
[ECO "B70"]
[WhiteElo "1736"]
[BlackElo "1677"]
[Annotator "NA"]
[PlyCount "132"]
[EventDate "2019.07.16"]
[EventType "team-tourn"]
[EventCountry "TUR"]
[SourceTitle "playchess.com"]
[Source "ChessBase"]
[SourceQuality "1"]
[TimeControl "5400+30"]

1. e4 c5 2. Nf3 d6 3. d4 cxd4 4. Nxd4 Nf6 5. Nc3 g6 6. Bc4 Bg7 7. Bb3 O-O 8. O-O Nc6 9. Nxc6 bxc6 10. Kh1 Ba6 11. Re1 Qd7 12. h3 Bb7 13. Bg5 e5 14. f4 Nh5 15. f5 Bf6 16. Bh6 Ng7 17. Qg4 Kh8 18. Rf1 gxf5 19. Bxg7+ Bxg7 20. exf5 d5 21. Rad1 Qe7 22. Ne2 Ba6 23. c4 d4 24. f6 Bxf6 25. Qf5 Bg5 26. Bc2 f6 27. b3 Bc8 28. Qe4 f5 29. Qxc6 Bb7 30. Qb5 Rab8 31. Qa5 Qg7 32. Rg1 Be3 33. Kh2 Rg8 34. Qxa7 Bxg1+ 35. Rxg1 Qc7 36. b4 e4+ 37. Kh1 d3 38. Nd4 Ra8 39. Qc5 Qxc5 40. bxc5 dxc2 41. c6 Bc8 42. Nxc2 Rxa2 43. Rc1 Re8 44. Nb4 Rd2 45. Kh2 e3 46. Kg3 e2 47. Re1 Rd1 48. Kf2 Rxe1 49. Kxe1 Kg7 50. Nd5 Be6 51. Nb6 Kf6 52. c5 Bc8 53. Nd7+ Bxd7 54. cxd7 Rf8 55. c6 Ke6 56. Kxe2 Kd6 57. Kf3 Kxc6 58. d8=Q Rxd8 59. Kf4 Rf8 60. Ke5 Kd7 61. h4 Ke7 62. g3 Rf6 63. h5 Rh6 64. Kxf5 Rxh5+ 65. Kf4 Kf6 66. g4 Ra5 0-1

[Event "Turkish Club Cup 2019"]
[Site "Konya"]
[Date "2019.07.17"]
[Round "2"]
[White "Sariali, Furkan Anil"]
[Black "Gulden, Egemen"]
[Result "0-1"]
[ECO "A26"]
[WhiteElo "1733"]
[BlackElo "2135"]
[Annotator "ChessBase"]
[PlyCount "78"]
[EventDate "2019.07.16"]
[EventType "team-tourn"]
[EventCountry "TUR"]
[SourceTitle "playchess.com"]
[Source "ChessBase"]
[SourceQuality "1"]
[TimeControl "5400+30"]

1. Nf3 g6 2. g3 Bg7 3. Bg2 e5 4. d3 Nc6 5. O-O Nge7 6. c4 d6 7. Nc3 h6 8. Rb1 f5 9. b4 e4 10. Nxe4 fxe4 11. dxe4 O-O 12. b5 Ne5 13. Nxe5 dxe5 14. Ba3 Qe8 15. f4 Be6 16. Qc2 Rf7 17. f5 gxf5 18. Bxe7 Qxe7 19. exf5 Qc5+ 20. Kh1 Qxc4 21. Qd2 Rd7 22. Qe3 Bd5 23. f6 Bxg2+ 24. Kxg2 Qd5+ 25. Kg1 Bf8 26. Qf2 Bc5 27. e3 Rf8 28. Rbd1 Qe4 29. Rde1 Rdf7 30. Qd2 Rxf6 31. Rxf6 Rxf6 32. Qc1 Bb6 33. Qd2 c6 34. bxc6 Rxc6 35. Re2 Rf6 36. Qc1 Qc6 37. Qd1 Qf3 38. Qe1 e4 39. a4 h5 0-1

[Event "Turkish Club Cup 2019"]
[Site "Konya"]
[Date "2019.07.17"]
[Round "2"]
[White "Kargi, Mert"]
[Black "Emir, Emirhan"]
[Result "0-1"]
[ECO "A90"]
[WhiteElo "1729"]
[BlackElo "1904"]
[Annotator "NA"]
[PlyCount "94"]
[EventDate "2019.07.16"]
[EventType "team-tourn"]
[EventCountry "TUR"]
[SourceTitle "playchess.com"]
[Source "ChessBase"]
[SourceQuality "1"]
[TimeControl "5400+30"]

1. c4 e6 2. Nf3 f5 3. d4 Nf6 4. g3 d5 5. Bg2 c6 6. O-O Bd6 7. Nc3 O-O 8. cxd5 exd5 9. Bf4 b6 {[%emt 0:08:30] A90: Dutch Defence: Miscellaneous and Modern Stonewall (with ...Bd6)} 10. Ne5 Qe7 (10... Bb7 11. Qb3 Kh8 12. Nd3 Ne4 13. Rad1 Qf6 14. Bxd6 Nxd6 {1-0 (42) Pantelic,S (2358)-Jovanovic,B (2233) Paracin 2017}) 11. Qa4 $146 ({Predecessor:} 11. Qc2 Bxe5 12. Bxe5 Be6 13. f3 Nfd7 14. Bf4 g5 15. Be3 Rf7 16. Qd2 {1-0 (25) Solis Chimoy,B (1871)-Sarmiento Robles,P (1796) Santa Cruz 2015}) 11... Bb7 12. Rac1 Nfd7 13. Nd3 a5 14. Bxd6 Qxd6 15. f4 b5 16. Qc2 Na6 17. Ne5 Nb6 18. Rfd1 Nc7 19. a4 b4 {[%emt 0:02:30] [#]} (19... Nc4 $1 $14) 20. Nb1 (20. Nb5 $1 $16 Nxb5 (20... cxb5 21. Qxc7) 21. axb5 cxb5 22. Qc7 Qxc7 23. Rxc7) 20... Ne6 21. b3 Rac8 22. Qb2 Rfd8 23. Nd3 Nd7 24. Nd2 c5 25. dxc5 Ndxc5 26. Nxc5 $15 Rxc5 27. Nc4 Qc7 28. Qe5 Qxe5 29. Nxe5 Rc3 30. Rb1 Nc5 31. Nc4 Nxb3 32. Rxb3 Rxc4 33. Rbd3 Rc2 34. e4 Rxg2+ 35. Kxg2 fxe4 36. Rd4 Rc8 37. Kh3 Kf7 38. Kg4 Ke6 39. R1d2 Rc3 40. Ra2 Ba6 41. Rd1 e3 42. Re1 d4 43. Rd2 Kd5 44. Rdd1 Ke4 45. h4 e2 46. Ra1 d3 47. Ra2 Ke3 0-1

[Event "Turkish Club Cup 2019"]
[Site "Konya"]
[Date "2019.07.17"]
[Round "2"]
[White "Vursan, Emre Can"]
[Black "Koc, Abdullah"]
[Result "1-0"]
[ECO "C62"]
[WhiteElo "1714"]
[BlackElo "1615"]
[Annotator "NA"]
[PlyCount "73"]
[EventDate "2019.07.16"]
[EventType "team-tourn"]
[EventCountry "TUR"]
[SourceTitle "playchess.com"]
[Source "ChessBase"]
[SourceQuality "1"]
[TimeControl "5400+30"]

1. e4 e5 2. Nf3 Nc6 3. Nc3 Nf6 4. Bb5 d6 5. d4 exd4 6. Qxd4 Bd7 7. Bxc6 bxc6 8. Bg5 Be7 9. O-O-O h6 10. Bh4 O-O 11. e5 Ne8 12. exd6 cxd6 13. Bxe7 Qxe7 14. Rhe1 Be6 15. Ne4 c5 16. Qc3 Rb8 17. h3 Qc7 18. g4 a5 19. g5 h5 20. Rg1 Qc6 21. Nf6+ Nxf6 22. gxf6 g6 23. Qe3 Qb6 24. b3 Qd8 25. Qg5 Kh7 26. Qf4 Rb4 27. Ng5+ Kg8 28. c4 Bf5 29. Rxd6 Qb8 30. Ne4 Kh7 31. Rg5 Bxe4 32. Rxh5+ gxh5 33. Qxe4+ Kh6 34. Qf4+ Kg6 35. h4 Rxc4+ 36. bxc4 Kh7 37. Qf5+ 1-0

[Event "Turkish Club Cup 2019"]
[Site "Konya"]
[Date "2019.07.17"]
[Round "2"]
[White "Sinay, Ahmet"]
[Black "Keskin, Osman Orcun"]
[Result "1/2-1/2"]
[ECO "A48"]
[WhiteElo "1692"]
[BlackElo "1719"]
[Annotator "NA"]
[PlyCount "128"]
[EventDate "2019.07.16"]
[EventType "team-tourn"]
[EventCountry "TUR"]
[SourceTitle "playchess.com"]
[Source "ChessBase"]
[SourceQuality "1"]
[TimeControl "5400+30"]

1. d4 Nf6 2. Bf4 d6 3. e3 g6 4. h3 Bg7 5. Nf3 O-O 6. Be2 c5 7. c3 cxd4 8. exd4 a6 9. O-O b5 10. Nbd2 Bb7 11. a3 Nbd7 12. Re1 Nb6 13. Bh2 Rc8 14. Bd3 Re8 15. Rc1 Nc4 16. Nxc4 bxc4 17. Bc2 Bh6 18. Rb1 Nd5 19. Ba4 Rf8 20. Bc2 Qb6 21. h4 e6 22. Ng5 Nf6 23. Ne4 Nxe4 24. Bxe4 Rb8 25. Qe2 Rfc8 26. g4 Bxe4 27. Qxe4 Qc6 28. Qxc6 Rxc6 29. g5 Bf8 30. Bf4 Rcb6 31. Bc1 Be7 32. Re2 Rb5 33. f4 Kf8 34. Kf1 h6 35. Ke1 hxg5 36. hxg5 Kg7 37. Kd1 Rh8 38. Kc2 Rh1 39. Bd2 Rxb1 40. Kxb1 d5 41. Kc2 Bd6 42. Rh2 a5 43. Rh1 a4 44. Bc1 Rb8 45. Be3 Rh8 46. Rxh8 Kxh8 47. Kd2 Kg7 48. Ke2 f6 49. Kf3 Kf7 50. Kg4 e5 51. fxe5 fxe5 52. dxe5 Bxe5 53. Bd4 Ke6 54. Bc5 Bh2 55. Bd4 Bd6 56. Be3 Bh2 57. Bd4 Bc7 58. Be3 Bd8 59. Bd4 Ba5 60. Kf4 Bd8 61. Kg4 Be7 62. Kf4 Bd6+ 63. Kg4 Be5 64. Be3 Bh2 1/2-1/2

[Event "Turkish Club Cup 2019"]
[Site "Konya"]
[Date "2019.07.17"]
[Round "2"]
[White "Kayan, Yasar Efe"]
[Black "Basaran, Alp"]
[Result "0-1"]
[ECO "B26"]
[WhiteElo "1675"]
[BlackElo "1857"]
[Annotator "NA"]
[PlyCount "98"]
[EventDate "2019.07.16"]
[EventType "team-tourn"]
[EventCountry "TUR"]
[SourceTitle "playchess.com"]
[Source "ChessBase"]
[SourceQuality "1"]
[TimeControl "5400+30"]

1. e4 c5 2. Nc3 d6 3. g3 Nc6 4. Bg2 g6 5. d3 Bg7 6. Be3 h5 7. f4 Nf6 8. h3 Nd4 9. Nf3 e5 10. fxe5 dxe5 11. Nxe5 Ng4 12. Nxg4 hxg4 13. h4 Be5 14. O-O Bxg3 15. Bg5 Qd6 16. Nd5 Bh2+ 17. Kh1 Qg3 $18 (17... Bg3) 18. Qe1 Qxe1 19. Raxe1 Be5 20. Bf6 Bxf6 21. Rxf6 Be6 22. c3 Nc6 23. Nc7+ Ke7 24. Ref1 Rxh4+ 25. Kg1 Rah8 26. Nxe6 fxe6 27. Rf7+ Kd6 28. Rxb7 Ne5 29. d4 Nf3+ 30. Bxf3 gxf3 31. dxc5+ Ke5 32. Rxf3 Kxe4 33. Rg3 Rh1+ 34. Kf2 Rf8+ 35. Kg2 Rff1 36. Rg4+ Ke3 37. Re4+ Kxe4 38. c4 Ke3 39. Rb3+ Ke2 40. Kg3 g5 41. Kg4 Rfg1+ 42. Rg3 Rxg3+ 43. Kxg3 Rh7 44. Kg4 Rc7 45. b4 Kd3 46. Kxg5 Kxc4 47. a3 a5 48. bxa5 Rxc5+ 49. Kf6 Rxa5 0-1

[Event "Turkish Club Cup 2019"]
[Site "Konya"]
[Date "2019.07.17"]
[Round "2"]
[White "Turan, Ercan"]
[Black "Pasa, Ahmet"]
[Result "0-1"]
[ECO "E90"]
[WhiteElo "1673"]
[BlackElo "1500"]
[Annotator "NA"]
[PlyCount "108"]
[EventDate "2019.07.16"]
[EventType "team-tourn"]
[EventCountry "TUR"]
[SourceTitle "playchess.com"]
[Source "ChessBase"]
[SourceQuality "1"]
[TimeControl "5400+30"]

1. d4 Nf6 2. Nf3 g6 3. c4 Bg7 4. Nc3 d6 5. e4 O-O 6. h3 Nfd7 7. Be3 e5 8. Be2 a5 9. O-O exd4 10. Nxd4 Nc5 11. Qd2 Re8 12. f3 c6 13. Rad1 Qh4 14. Bf2 Qe7 15. Nc2 Be5 16. Rfe1 Ne6 17. Be3 Qh4 18. Bf2 Qe7 19. Bf1 Nf4 20. Ne3 Qg5 21. Kh1 Nh5 22. Ne2 Na6 23. Ng4 Qxd2 24. Rxd2 Be6 25. Ne3 Rad8 26. Red1 Nc5 27. Ng4 Nd7 28. Ne3 Nf8 29. g4 Nf4 30. Nd4 h5 31. gxh5 Nxh5 32. Bh4 Rd7 33. Ng4 Bf4 34. Rc2 g5 35. Bf2 Nh7 36. Nh6+ Kg7 37. Nhf5+ Kg8 38. h4 Kh8 39. Bh3 N5f6 40. Rg1 Rg8 41. Be1 g4 42. fxg4 Nxe4 43. b3 a4 44. g5 axb3 45. axb3 d5 46. Nxe6 fxe6 47. Nh6 Re8 48. Bg2 Ng3+ 49. Bxg3 Bxg3 50. h5 Bf4 51. Bh3 Nxg5 52. Rg4 Nxh3 53. Rg6 Bxh6 54. Rxh6+ Rh7 0-1

[Event "Turkish Club Cup 2019"]
[Site "Konya"]
[Date "2019.07.17"]
[Round "2"]
[White "Polat, Ahmet Eren"]
[Black "Yigit, Fatih"]
[Result "0-1"]
[ECO "B24"]
[WhiteElo "1651"]
[BlackElo "1594"]
[Annotator "NA"]
[PlyCount "55"]
[EventDate "2019.07.16"]
[EventType "team-tourn"]
[EventCountry "TUR"]
[SourceTitle "playchess.com"]
[Source "ChessBase"]
[SourceQuality "1"]
[TimeControl "5400+30"]

1. e4 c5 2. Nc3 e6 3. g3 Nc6 4. Bg2 g6 5. d3 Bg7 6. Be3 b6 7. Qd2 Bb7 8. Nge2 a6 9. O-O Nf6 10. h3 O-O 11. Bh6 d5 12. Bxg7 Kxg7 13. exd5 exd5 14. Nf4 Nd4 15. Rfe1 Qd7 16. b3 Bc6 17. Nd1 Rae8 18. Nb2 h6 19. h4 Qg4 20. c3 Nf3+ 21. Bxf3 Qxf3 22. d4 g5 23. Ng2 Ne4 24. Qe3 Qf6 25. f4 Qf5 26. Kh2 Bd7 27. fxg5 Nxg5 28. Qd3 0-1

[Event "Turkish Club Cup 2019"]
[Site "Konya"]
[Date "2019.07.17"]
[Round "2"]
[White "Nas, Muhammed Akif Bahadd"]
[Black "Iyiol, Mehmet"]
[Result "0-1"]
[ECO "B22"]
[WhiteElo "1620"]
[BlackElo "1857"]
[Annotator "NA"]
[PlyCount "96"]
[EventDate "2019.07.16"]
[EventType "team-tourn"]
[EventCountry "TUR"]
[SourceTitle "playchess.com"]
[Source "ChessBase"]
[SourceQuality "1"]
[TimeControl "5400+30"]

1. e4 c5 2. Nf3 e6 3. c3 Nf6 4. e5 Nd5 5. Bc4 Nb6 6. Bb3 d5 {[%emt 0:04:30] B22: Sicilian: 2 c3} (6... d6 7. d4 cxd4 8. cxd4 dxe5 9. Nxe5 Nc6 10. Qf3 Bb4+ 11. Nc3 O-O 12. Nxc6 bxc6 13. O-O Qxd4 14. Rd1 Qh4 15. Ne4 e5 16. Bg5 Qg4 17. a3 Qxf3 18. gxf3 {0-1 (32) Mamedov,R (2709)-Harikrishna,P (2744) Huaian 2017}) 7. d4 Nc6 8. Be3 cxd4 9. cxd4 Bd7 10. O-O Rc8 11. Nbd2 Na5 $146 ({Predecessor:} 11... Be7 12. Rc1 O-O 13. Bc2 f5 14. exf6 Bxf6 15. b3 Qe7 16. Re1 Nb4 17. Bb1 Rxc1 18. Qxc1 {½-½ (30) Minte,H (1626)-Scholz,W (1477) Binz 2014}) 12. h3 Nxb3 13. axb3 a6 14. Nh2 Bb5 15. Re1 h5 16. Ndf3 Bb4 17. Bg5 Qd7 18. Bd2 Qe7 19. Bg5 Qf8 20. Re3 Qg8 21. Rc1 Qh7 22. Rxc8+ Nxc8 23. Nh4 Ne7 24. N2f3 Nf5 $15 25. Qc1 Kd7 26. Rc3 Bxc3 27. Qxc3 Nxh4 28. Bxh4 Qg8 29. Qc5 Qf8 30. Qc1 Bc6 31. Ne1 Qb4 32. Qe3 Kc8 33. Nc2 Qf8 34. f4 Kb8 35. Be1 b6 36. Bb4 Qc8 37. Qg3 g6 38. Qg5 Qd7 39. Qf6 Rc8 40. Ne1 Bb7 41. Nf3 Rc1+ 42. Kh2 Ka7 43. Ng5 Qb5 44. Bc3 Qf1 45. Nxf7 Qh1+ 46. Kg3 Rc2 47. Nd6 Rxg2+ 48. Kh4 Rg4# 0-1

[Event "Turkish Club Cup 2019"]
[Site "Konya"]
[Date "2019.07.17"]
[Round "2"]
[White "Alev, Gonulden Seda"]
[Black "Koc, Azra Ece"]
[Result "0-1"]
[ECO "B13"]
[WhiteElo "1579"]
[BlackElo "1527"]
[Annotator "NA"]
[PlyCount "54"]
[EventDate "2019.07.16"]
[EventType "team-tourn"]
[EventCountry "TUR"]
[SourceTitle "playchess.com"]
[Source "ChessBase"]
[SourceQuality "1"]
[TimeControl "5400+30"]

1. e4 c6 2. d4 d5 3. exd5 cxd5 4. Bd3 Nc6 5. c3 Qc7 6. h3 Nf6 7. Nf3 e6 8. O-O Bd6 9. Re1 Bd7 10. Qe2 O-O-O 11. Ne5 Be8 12. b4 Bxe5 13. dxe5 Nd7 14. f4 Nb6 15. a4 d4 16. a5 Nd5 17. cxd4 Ndxb4 18. a6 b6 19. Bb2 Nxd4 20. Bxd4 Rxd4 21. Be4 Qc5 22. Qe3 Rc4 23. Nd2 Qxe3+ 24. Rxe3 Rc7 25. Bb7+ Kb8 26. Re4 Nd5 27. Rd1 Nc3 0-1

[Event "Turkish Club Cup 2019"]
[Site "Konya"]
[Date "2019.07.17"]
[Round "2"]
[White "Gulceken, Sumeyye"]
[Black "Bas, Selin"]
[Result "0-1"]
[ECO "E80"]
[WhiteElo "1535"]
[BlackElo "1286"]
[Annotator "NA"]
[PlyCount "152"]
[EventDate "2019.07.16"]
[EventType "team-tourn"]
[EventCountry "TUR"]
[SourceTitle "playchess.com"]
[Source "ChessBase"]
[SourceQuality "1"]
[TimeControl "5400+30"]

1. d4 Nf6 2. c4 g6 3. Nc3 Bg7 4. e4 d6 5. f3 c6 6. Bd3 Nbd7 7. Be3 Qc7 8. Nge2 e5 9. Rc1 exd4 10. Bxd4 Ne5 11. O-O O-O 12. b3 Nxd3 13. Qxd3 Be6 14. Rfd1 b6 15. Be3 Rfd8 16. Qc2 Qb7 17. Nd4 Rac8 18. Nxe6 fxe6 19. Rd3 Rd7 20. Rcd1 d5 21. e5 Ne8 22. f4 Bh6 23. Qe2 Rf7 24. g3 Ng7 25. Bf2 Rcf8 26. cxd5 cxd5 27. Nb5 Ne8 28. Nd4 Ng7 29. Qg4 Qd7 30. Be1 Nf5 31. Nxf5 Rxf5 32. Bb4 Rc8 33. Qf3 Bf8 34. Bxf8 Rfxf8 35. Qg4 Qf7 36. Qf3 Rc2 37. R3d2 Rfc8 38. Qd3 Qf5 39. Qxf5 gxf5 40. Kf2 R8c3 41. h3 h5 42. Kg2 Kf7 43. Kf2 Ke7 44. Kg2 Kd7 45. b4 Kc6 46. a4 b5 47. a5 Rxd2+ 48. Rxd2 Rc4 49. Rb2 d4 50. Kf2 Kd5 51. Kf3 Rc3+ 52. Kf2 Ke4 53. Rb1 Rf3+ 54. Kg2 d3 55. Re1+ Re3 56. Rd1 Re2+ 57. Kf1 Ke3 58. Ra1 Rf2+ 59. Kg1 d2 60. Ra3+ Ke2 61. Ra2 Ke1 62. Ra1+ Ke2 63. Ra2 Kf3 64. Ra3+ Ke4 65. Ra1 Re2 66. Kf1 Re1+ 67. Rxe1+ dxe1=Q+ 68. Kxe1 Kf3 69. g4 hxg4 70. h4 g3 71. Kf1 Kxf4 72. Kg2 Kg4 73. h5 Kxh5 74. Kxg3 Kg5 75. Kf3 f4 76. Ke4 Kg4 0-1

[Event "Turkish Club Cup 2019"]
[Site "Konya"]
[Date "2019.07.17"]
[Round "2"]
[White "Mutlu, Bunyamin"]
[Black "Daghan, Devran"]
[Result "0-1"]
[ECO "B20"]
[WhiteElo "1511"]
[BlackElo "2023"]
[Annotator "NA"]
[PlyCount "106"]
[EventDate "2019.07.16"]
[EventType "team-tourn"]
[EventCountry "TUR"]
[SourceTitle "playchess.com"]
[Source "ChessBase"]
[SourceQuality "1"]
[TimeControl "5400+30"]

1. e4 c5 2. b3 Nc6 3. Bb2 e6 4. Nc3 a6 5. a4 Nf6 6. Nf3 Qc7 7. Bc4 Be7 {[%emt 0:13:30] B20: Sicilian: Unusual White 2nd moves} (7... b6 8. O-O Bd6 9. h3 Bb7 10. Re1 O-O 11. e5 Nxe5 12. Rxe5 Bxf3 13. Re2 Bxe2 14. Qxe2 Be5 15. Bxa6 {0-1 (60) Babits,A (2122)-Szuhai,B (2054) Hungary 2013}) 8. O-O Ng4 $146 ({Predecessor:} 8... O-O 9. d4 cxd4 10. Nxd4 Rd8 11. Nxc6 dxc6 12. Qe2 Rb8 13. Rad1 b5 14. Rxd8+ Bxd8 15. Bd3 {½-½ (29) Zisin,O (1836)-Pivina,M (1678) Voronezh 2014}) 9. Ne2 Bf6 10. Bxf6 Nxf6 11. Nc3 Nd4 12. h3 O-O 13. Re1 d6 14. e5 Nxf3+ 15. Qxf3 dxe5 16. Ne4 Nd5 17. Qg3 f5 18. Bxd5 exd5 19. Nc3 Re8 $11 20. Nxd5 Qd6 21. c4 Bd7 22. Rad1 Bc6 23. Nb6 Rad8 24. a5 Re6 25. Qc3 Rg6 26. g3 e4 27. Nd5 Bxd5 28. cxd5 Qxd5 29. Qc4 Kh8 30. Qxd5 Rxd5 31. d3 Rgd6 32. Re3 Kg8 33. Kf1 exd3 34. Re7 Rd7 35. Rxd7 Rxd7 36. Ke1 Kf7 37. Kd2 Rd4 38. Kc3 Ke6 39. Rxd3 Rxd3+ 40. Kxd3 Kd5 41. f3 b5 42. axb6 Kc6 43. Kc4 Kxb6 44. g4 f4 45. Kd5 Kb5 46. Ke4 c4 47. bxc4+ Kxc4 48. Kxf4 a5 49. g5 a4 50. g6 hxg6 51. Kg5 a3 52. Kxg6 a2 53. Kxg7 a1=Q+ 0-1